 Dungeon Crawl Stone Soup version 0.21.1-1-g345015f (webtiles) character file.

176 shakethe the Sneak (level 5, -10/24 HPs)
             Began as a Spriggan Enchanter on Feb 14, 2018.
             Killed by divine providence
             ... invoked by an orc priest
              (14 damage)
             ... on level 4 of the Dungeon.
             The game lasted 00:17:20 (4402 turns).

shakethe the Sneak (Spriggan Enchanter)             Turns: 4402, Time: 00:17:21

Health: -10/24     AC:  2    Str:  4    XL:     5   Next: 30%
Magic:  2/10       EV: 20    Int: 18    God:
Gold:   110        SH:  0    Dex: 16    Spells: 1/10 levels left

rFire    . . .     SeeInvis +   o - +2 dagger (protect)
rCold    . . .     Gourm    .   (shield restricted)
rNeg     . . .     Faith    .   n - +0 robe
rPois    .         Spirit   .   (helmet restricted)
rElec    .         Reflect  .   (no cloak)
rCorr    .         Harm     .   (gloves unavailable)
MR       .....                  (boots unavailable)
Stlth    ++++......             (no amulet)
HPRegen  0.08/turn              (no ring)
MPRegen  0.12/turn              (no ring)

@: very slightly contaminated, very quick
A: very small, unfitting armour, see invisible, herbivore, speed 3, slow
metabolism 2
a: no special abilities


You were on level 4 of the Dungeon.
You were not hungry.

You visited 1 branch of the dungeon, and saw 4 of its levels.

You collected 110 gold pieces.

Inventory:

Hand Weapons
 b - a +0 hunting sling
   (You found it on level 2 of the Dungeon)
 o - a +2 dagger of protection (weapon)
   (You took it off a kobold on level 3 of the Dungeon)
Missiles
 f - 207 stones (quivered)
Armour
 n - a +0 robe (worn)
Scrolls
 a - a scroll of magic mapping {unknown}
 e - 4 scrolls of identify {unknown}
 g - 2 scrolls of teleportation {unknown}
 i - 2 scrolls of remove curse {unknown}
 j - 5 scrolls of amnesia {unknown}
 k - a scroll of fear {unknown}
 m - 2 scrolls of enchant armour {unknown}
 p - a scroll of blinking {unknown}
Potions
 h - 4 potions of curing {unknown}
 l - 2 potions of haste {unknown}
Books
 c - a book of Maledictions
Comestibles
 d - 5 rations


   Skills:
 - Level 1.1 Short Blades
 + Level 4.6 Dodging
 * Level 7.1 Stealth
 + Level 3.1 Spellcasting
 + Level 4.7 Hexes


You had one spell level left.
You knew the following spells:

 Your Spells              Type           Power        Failure   Level  Hunger
a - Ensorcelled Hibernat  Hex/Ice        ##....       9%          2    ##.....
b - Tukima's Dance        Hex            ###.....     7%          3    ###....
c - Confuse               Hex            ###.....     7%          3    ###....
v - Corona                Hex            ###....      2%          1    None


Dungeon Overview and Level Annotations

Branches:
Dungeon (4/15)
 Temple: D:4-7

Altars:
The Shining One

Annotations:
D:2 Natasha
D:4 exclusion: Menkaure, Menkaure


Innate Abilities, Weirdness & Mutations

You are very small and have problems with some larger weapons.
You are too small for most types of armour.
You have supernaturally acute eyesight. (SInv)
You are a herbivore.
You cover ground extremely quickly.
You need consume almost no food.


Message History

You kill the adder!
You see here an adder corpse.
You see here an adder corpse.
A quokka comes into view.
The helpless quokka fails to defend itself.
You impale the quokka!!
Your weapon exudes an aura of protection.
You kill the quokka!
You see here a quokka corpse.
A bat comes into view.
The helpless bat fails to defend itself.
You impale the bat!!
Your weapon exudes an aura of protection.
You kill the bat!
You see here a bat corpse.
A goblin comes into view. It is wielding a dagger.
The goblin shouts!
You hit the goblin.
Your weapon exudes an aura of protection.
You kill the goblin!
Things that are here:
a dagger; a goblin corpse A rat comes into view.
Unknown command.
A rat is nearby!
The helpless rat fails to defend itself.
You impale the rat!!
Your weapon exudes an aura of protection.
You kill the rat!
A kobold comes into view. It is wielding a whip.
The helpless kobold fails to defend itself.
You impale the kobold!!
Your weapon exudes an aura of protection.
You kill the kobold!
You see here a whip.
You see here an adder corpse.
You see here 22 arrows.
There is a stone staircase leading up here.
There is a stone staircase leading up here.
Done exploring.
Done exploring.
There is a stone staircase leading up here.
Drop what? 15/52 slots (_ for help) (? for menu, Esc to quit)
You drop a +1 dagger.
There is a stone staircase leading down here.
You climb downwards.
There is a stone staircase leading up here.
Menkaure, Prince of Dust comes into view.
m - 2 scrolls labeled LEFOUH WEOTA (gained 1)
There are no items here.
There is a stone staircase leading up here.
You see here a hunting sling.
You hit the plant but do no damage. You open the door.
Found a glowing golden altar of the Shining One.
There is an open door here.
There is a glowing golden altar of the Shining One here.
There is an open door here.
j - 5 scrolls labeled BIFI BOILUGEA (gained 1)
There are no items here.
a - a scroll labeled BYVUAV USCHO
p - a scroll labeled GEITTO DADD An orc priest comes into view.
It is wielding a flail.
You see here a smoky orange potion.
An orc comes into view.
An orc and an orc priest come into view.
The orc priest shouts! x2
The orc priest begins to cast a cantrip, but forgets the words!
The orc priest miscasts a cantrip.
You don't know that spell.
You don't know that spell.
Aim: an orc priest, wielding a flail and wearing a leather armour (chance to defeat MR: 42%)
You miscast Ensorcelled Hibernation.
You are very lightly contaminated with residual magic.
Nothing appears to happen.
You now have 8/10 mp.
Aim: an orc priest, wielding a flail and wearing a leather armour (chance to defeat MR: 42%)
You miscast Ensorcelled Hibernation.
Your skin glows momentarily.
The orc priest misses you.
You now have 6/10 mp.
Aim: an orc priest, wielding a flail and wearing a leather armour (chance to defeat MR: 42%)
The orc priest resists with some effort.
The orc priest mumbles some strange prayers to Beogh against you.
Pain shoots through your body!
You take 6 damage, and have 18/24 hp.
MASSIVE DAMAGE!!
You now have 4/10 mp.
Aim: an orc priest, wielding a flail and wearing a leather armour (chance to defeat MR: 42%)
You miscast Ensorcelled Hibernation.
You feel a strange surge of energy! The orc hits you.
The orc priest hits you with a flail!
Ouch! That really hurt!
* * * LOW HITPOINT WARNING * * *
You take 14 damage, and have 4/24 hp.
MASSIVE DAMAGE!!
You now have 2/10 mp.
The orc priest mumbles some strange prayers to Beogh against you.
Beogh smites you!
Ouch! That really hurt!
You die...

####
######################...
#.............o..o.......
#......o##############...
#......o# #...
#.......### #...
#.......@.## #...
######.#...# #...
#.#...## #... #..#...#
#... ##.#...## #...
#.##...### ####
#######..##....##### #.
#..<).##...........# ..
#.................... ...


You could see an orc priest and an orc.

Vanquished Creatures
  A crimson imp (D:3)
  7 adders
  An ooze (D:2)
  2 worms
  A dart slug (D:2)
  3 leopard geckos
  An orc (D:3)
  2 ball pythons
  10 bats
  2 giant cockroaches
  5 goblins
  9 hobgoblins
  2 jackals (D:2)
  7 kobolds
  A quokka (D:3)
  4 frilled lizards
  4 rats
62 creatures vanquished.

Notes
Turn   | Place    | Note
-------+----------+-------------------------------------------
     0 | D:1      | shakethe the Spriggan Enchanter began the quest for the Orb.
     0 | D:1      | Reached XP level 1. HP: 9/9 MP: 5/5
   377 | D:1      | Reached XP level 2. HP: 8/13 MP: 6/6
   381 | D:1      | Learned a level 2 spell: Ensorcelled Hibernation
   495 | D:1      | Reached skill level 5 in Stealth
   901 | D:1      | Reached skill level 4 in Hexes
  1148 | D:2      | Reached XP level 3. HP: 16/16 MP: 8/8
  2118 | D:2      | Reached skill level 4 in Dodging
  2118 | D:2      | Reached skill level 6 in Stealth
  2292 | D:2      | Reached XP level 4. HP: 21/21 MP: 1/9
  2528 | D:2      | Noticed Natasha
  2752 | D:2      | Learned a level 3 spell: Confuse
  3833 | D:3      | Reached skill level 3 in Spellcasting
  3833 | D:3      | Reached XP level 5. HP: 23/24 MP: 5/10
  3850 | D:3      | Learned a level 3 spell: Tukima's Dance
  3938 | D:3      | Reached skill level 7 in Stealth
  4281 | D:4      | Noticed Menkaure
  4304 | D:4      | Found a glowing golden altar of the Shining One.
  4400 | D:4      | HP: 4/24 [orc priest/flail (13)]
  4402 | D:4      | Killed from afar by an orc priest

Skill      XL: |  1  2  3  4  5 |
---------------+----------------+-----
Stealth        | 5 6 7 |  7.1
Hexes          | 4 |  4.7
Dodging        | 4 |  4.6
Spellcasting   | 3 |  3.1
Short Blades   | |  1.1

Action                   |  1- 3 |  4- 6 || total
-------------------------+-------+-------++-------
Melee: Dagger            |   124 |    60 ||   184
 Cast: Ensorcelled Hiber |    22 |    20 ||    42
 Stab: Sleeping          |    25 |    19 ||    44
  Eat: Ration            |       |     2 ||     2
Armor: Robe              |    17 |    10 ||    27
Dodge: Dodged            |   137 |    65 ||   202

Vault maps used:
D:1:      minmay_arrival_semitransparent, minivault_11, minmay_tetromino_t4
D:2:      uniq_natasha
D:3:      first_ration, minmay_cupped
D:4:      tso_oasis_becter, nicolae_overflow_hidden_temple,
          grunt_temple_overflow_open, uniq_menkaure

Table legend:
 A = Turns spent in this place as a percentage of turns spent in the entire game.
 B = Non-inter-level travel turns spent in this place as a percentage of non-inter-level travel turns spent in the entire game.
 C = Inter-level travel turns spent in this place as a percentage of turns spent in this place.
 D = Turns resting spent in this place as a percentage of non-inter-level travel turns spent in this place.
 E = Turns spent auto-exploring this place as a percentage of non-inter-level travel turns spent in this place.
 F = Non-inter-level travel turns spent in this place divided by the number of levels of this place that you've seen.
                   A       B       C       D       E      F
               +-------+-------+-------+-------+-------+----------------------
         Total | 100.0 | 100.0 |   0.0 |  16.6 |  19.0 | 1100.5
       Dungeon | 100.0 | 100.0 |   0.0 |  16.6 |  19.0 | 1100.5
               +-------+-------+-------+-------+-------+----------------------

Table legend:
 A = Kills in this place as a percentage of kills in entire the game.
 B = Kills by you in this place as a percentage of kills by you in the entire game.
 C = Kills by friends in this place as a percentage of kills by friends in the entire game.
 D = Other kills in this place as a percentage of other kills in the entire game.
 E = Experience gained in this place as a percentage of experience gained in the entire game.
 F = Experience gained in this place divided by the number of levels of this place that you have seen.
                   A       B       C       D       E      F
               +-------+-------+-------+-------+-------+----------------------
         Total | 100.0 | 100.0 |   N/A |   N/A | 100.0 |  63.0
       Dungeon | 100.0 | 100.0 |   N/A |   N/A | 100.0 |  63.0
               +-------+-------+-------+-------+-------+----------------------
